 Dungeon Crawl Stone Soup version 0.29-a0-88-g03a7b78be7 (webtiles) character file.

Game seed: 14666129049047765411

1238 lordive the Covert (level 8, -4/37 HPs)
             Began as a Spriggan Enchanter on Feb 6, 2022.
             Was a Follower of Okawaru.
             Slain by an ogre (32 damage)
             ... on level 5 of the Dungeon.
             The game lasted 00:14:45 (7225 turns).

lordive the Covert (Spriggan Enchanter)             Turns: 7225, Time: 00:14:46

Health: -4/37      AC:  4    Str:  4    XL:     8   Next: 25%
Magic:  8/17       EV: 18    Int: 19    God:    Okawaru [*.....]
Gold:   323        SH:  0    Dex: 15    Spells: 3/18 levels left

rFire   . . .      SeeInvis +   a - +1 dagger
rCold   . . .      Faith    .   (no shield)
rNeg    + . .      Spirit   .   g - +2 robe {rN+}
rPois   .          Reflect  .   (helmet restricted)
rElec   .          Harm     .   (no cloak)
rCorr   .          Rampage  .   (gloves unavailable)
Will    +....                   (boots unavailable)
Stlth   ++++......              (no amulet)
HPRegen 0.12/turn               (no ring)
MPRegen 0.15/turn               (no ring)

@: confusing by touch, very quick
A: very small, no large weapons, unfitting armour, see invisible, speed 3
a: Renounce Religion, Heroism


You were on level 5 of the Dungeon.
You worshipped Okawaru.
Okawaru was aware of your devotion.
You visited 2 branches of the dungeon, and saw 7 of its levels.

You collected 323 gold pieces.

Inventory:

Hand Weapons
 a - a +1 dagger (weapon)
 n - a +5 club
 s - a +1 dagger of speed
Missiles
 t - a curare-tipped dart
Armour
 g - a +2 robe of positive energy (worn)
Wands
 o - a wand of polymorph (7)
 p - a wand of acid (10)
 q - a wand of paralysis (11)
Scrolls
 e - 4 scrolls of teleportation {unknown}
 f - 4 scrolls of identify {unknown}
 k - a scroll of fear {unknown}
 l - 2 scrolls of amnesia {unknown}
 m - a scroll of immolation {unknown}
Potions
 b - a potion of lignification {unknown}
 c - a potion of invisibility
 d - 2 potions of degeneration {unknown}
 h - a potion of brilliance {unknown}
 i - 2 potions of heal wounds {unknown}
 j - a potion of curing {unknown}
 r - 2 potions of flight {unknown}


   Skills:
 + Level 1.0 Fighting
 + Level 3.4 Short Blades
 + Level 3.8 Dodging
 + Level 9.9 Stealth
 + Level 5.6 Spellcasting
 + Level 6.0 Hexes
 + Level 2.5 Ice Magic
 * Level 1.3 Invocations


You had 3 spell levels left.
You knew the following spells:

 Your Spells              Type           Power      Damage    Failure   Level
a - Ensorcelled Hibernat  Hex/Ice        42%        N/A       3%          2
b - Confusing Touch       Hex            28%        N/A       3%          3
c - Tukima's Dance        Hex            28%        N/A       3%          3
d - Dazzling Flash        Conj/Hex       32%        N/A       10%         3
e - Cause Fear            Hex            14%        N/A       10%         4

Your spell library contained the following spells:

 Spells                   Type           Power      Damage    Failure   Level
 Inner Flame              Hex/Fire       16%        N/A       10%         3
 Foxfire                  Conj/Fire      20%        2x1d5     12%         1
 Conjure Flame            Conj/Fire      5%         6-21      34%         3
 Flame Wave               Conj/Fire      5%         2d5       75%         4
 Discord                  Hex            14%        N/A       100%        8


Dungeon Overview and Level Annotations

Branches:
Dungeon (6/15)             Temple (1/1) D:4

Altars:
Cheibriados
Elyvilon
Fedhas
Hepliaklqana
Kikubaaqudgha
Makhleb
Okawaru
Qazlal
Ru
Sif Muna
Wu Jian
Zin
The Shining One

Annotations:
D:5 1 transporter, bande's ghost, novice GrFi


Innate Abilities, Weirdness & Mutations

You are very small and have problems with some larger weapons.
You are too small for most types of armour.
You have supernaturally acute eyesight. (SInv)
You cover ground extremely quickly. (Speed+++)


Message History

There is a transporter here.
The ogre shouts!
There is a transporter here.
The ogre shouts!
The ogre shouts!
You enter the transporter and appear at another place.
The ogre closely misses you.
Casting: Ensorcelled Hibernation (safe; 3% risk of failure)
Confirm with . or Enter, or press ? or * to list all spells.
Aiming: Ensorcelled Hibernation (safe; 3% risk of failure)
Press: ? - help, Shift-Dir - straight line, f - ogre
Aim: an ogre, wielding a +6 great mace (chance to affect: 53%)
The ogre resists with significant effort.
Casting: Ensorcelled Hibernation (safe; 3% risk of failure)
Confirm with . or Enter, or press ? or * to list all spells.
Aiming: Ensorcelled Hibernation (safe; 3% risk of failure)
Press: ? - help, Shift-Dir - straight line, f/p - ogre
Aim: an ogre, wielding a +6 great mace (chance to affect: 53%)
The ogre resists with significant effort.
The ogre barely misses you.
Unknown command.
Casting: Ensorcelled Hibernation (safe; 3% risk of failure)
Confirm with . or Enter, or press ? or * to list all spells.
Aiming: Ensorcelled Hibernation (safe; 3% risk of failure)
Press: ? - help, Shift-Dir - straight line, f/p - ogre
Aim: an ogre, wielding a +6 great mace (chance to affect: 53%)
The ogre looks drowsy...
The helpless ogre fails to defend itself.
You skewer the ogre like a kebab!!!
You kill the ogre!
Okawaru accepts your kill.
Your Hexes skill increases to level 6!
Casting: Ensorcelled Hibernation (safe; 3% risk of failure)
Confirm with . or Enter, or press ? or * to list all spells.
Your hands begin to glow red.
The ogre misses you. Bande's ghost hits you!
Unknown command.
You hit bande's ghost but do no damage. Bande's ghost hits you.
The ogre hits you with a +0 giant spiked club!!
Ouch! That really hurt!
You die...

#### #######.# #.##.###.#.#
#....##.# #.##..##.#.# #.##.##.#
#.###.##.#.# ## #.##.##.#
####.###.##.#.###. ######.##....#
#.........#.#.....
..........########...##..#.#####.
..........#©.....#...##..#.# #.
..........#..##W.######..).#####.
..........#.#..#@# #....).....
..........#.#O.#O# ###..####..
.........©#..##..# ##)##....
..........#!....©# #.##.#.#
....####.§#$.##..# #.##.#.#
###### #..#.#..#.# #)##.#.#
.....# #..#.#..#.# #>##.#.#
####.# #..#..##..# #.##.#.. #.#
#..#......# #.##.###


You could see an ogre and bande's ghost.

Vanquished Creatures
  A black bear (D:2)
  3 ogres (D:5)
  A necrophage (D:4)
  A kobold brigand (D:5)
  2 phantoms (D:5)
  Blork the orc (D:4)
  A scorpion (D:4)
  A gnoll sergeant (D:5)
  A water moccasin zombie (D:5)
  2 hounds (D:5)
  A jelly (D:5)
  Ijyb (D:4)
  An orc wizard (D:4)
  2 hound skeletons
  A howler monkey zombie (D:5)
  Robin (D:3)
  4 gnolls (D:5)
  3 adders
  A shadow imp (D:5)
  2 worms
  A dart slug (D:2)
  15 orcs
  4 ball pythons
  5 bats
  4 endoplasms
  3 giant cockroaches
  13 goblins
  8 hobgoblins
  9 kobolds
  2 quokkas
  2 frilled lizards
  3 rats
100 creatures vanquished.

Vanquished Creatures (others)
  A kobold (D:5)
  4 plants (D:3)
5 creatures vanquished.

Grand Total: 105 creatures vanquished

Notes
Turn   | Place    | Note
-------+----------+-------------------------------------------
     0 | D:1      | lordive the Spriggan Enchanter began the quest for the Orb.
     0 | D:1      | Reached XP level 1. HP: 9/9 MP: 5/5
   553 | D:1      | Reached XP level 2. HP: 13/13 MP: 6/6
   556 | D:1      | Learned a level 2 spell: Ensorcelled Hibernation
   762 | D:1      | Found a faded altar of an unknown god.
   996 | D:2      | Reached skill level 5 in Stealth
  1167 | D:2      | Reached XP level 3. HP: 5/16 MP: 0/8
  1773 | D:3      | Noticed a black bear
  1774 | D:3      | Noticed Robin
  1805 | D:3      | Learned a level 3 spell: Confusing Touch
  1824 | D:2      | Killed a black bear
  1825 | D:2      | Reached skill level 6 in Stealth
  1825 | D:2      | Reached XP level 4. HP: 10/21 MP: 2/10
  1825 | D:2      | Reached XP level 5. HP: 12/24 MP: 2/11
  1981 | D:2      | Learned a level 3 spell: Tukima's Dance
  2937 | D:3      | Reached skill level 1 in Ice Magic
  3569 | D:3      | Killed Robin
  4048 | D:4      | Noticed a necrophage
  4065 | D:4      | Killed a necrophage
  4066 | D:4      | Reached skill level 5 in Hexes
  4066 | D:4      | Reached XP level 6. HP: 21/29 MP: 9/12
  4257 | D:4      | Noticed Ijyb
  4259 | D:4      | Killed Ijyb
  4260 | D:4      | Reached skill level 7 in Stealth
  4324 | D:4      | Noticed Blork the orc
  4329 | D:4      | Killed Blork the orc
  4391 | D:4      | Found a staircase to the Ecumenical Temple.
  4400 | Temple   | Entered the Ecumenical Temple
  4669 | Temple   | Became a worshipper of Warmaster Okawaru
  5507 | D:5      | Entered Level 5 of the Dungeon
  5533 | D:5      | Reached XP level 7. HP: 25/32 MP: 9/14
  5537 | D:5      | Learned a level 3 spell: Dazzling Flash
  5651 | D:5      | Reached skill level 8 in Stealth
  5655 | D:5      | Reached * piety under Okawaru
  6100 | D:5      | Learned a level 4 spell: Cause Fear
  6177 | D:5      | Reached skill level 5 in Spellcasting
  6183 | D:5      | Reached skill level 9 in Stealth
  6306 | D:6      | Noticed a wraith
  6356 | D:5      | Reached skill level 1 in Fighting
  6356 | D:5      | Reached XP level 8. HP: 12/37 MP: 12/17
  6773 | D:5      | Found a transporter.
  6773 | D:5      | Noticed bande's ghost (novice GrFi)
  6775 | D:5      | Found a transporter.
  6810 | D:5      | Reached skill level 1 in Invocations
  7225 | D:5      | Slain by an ogre

Illustrated notes

Levels and vault maps discovered:
D:1:      dpeg_arrival_tiny_f, layout_loops_corners,
          dreamdust_ecumenical_altar_hidden_monk_grotto, minmay_domino_2
D:2:      layout_rooms
D:3:      layout_basic, supply_closet_lemuel, guppyfry_early_lair_pool,
          uniq_robin
D:4:      layout_loops_ring, minmay_temple_entry_ruins, uniq_blork_the_orc,
          uniq_ijyb
D:5:      layout_basic, gammafunk_ghost_smash, minmay_fountain_box
D:6:      layout_cave_pools, nicolae_ossuary_entry_false_entrances
Temple:   nicolae_temple_figure_eight

Skill      XL: |  1  2  3  4  5  6  7  8 |
---------------+-------------------------+-----
Stealth        | 5 6 7 9 |  9.9
Hexes          | 4 5 6 |  6.0
Spellcasting   | 3 4 5 |  5.6
Dodging        | 3 |  3.8
Ice Magic      | 1 2 |  2.5
Short Blades   | 2 3 |  3.4
Fighting       | 1 |  1.0
Invocations    | 1 |  1.3

Action                   |  1- 3 |  4- 6 |  7- 9 || total
-------------------------+-------+-------+-------++-------
Melee: Dagger            |    75 |   117 |    45 ||   237
       Punch             |     1 |     2 |       ||     3
 Cast: Ensorcelled Hiber |    23 |    64 |    28 ||   115
       Confusing Touch   |     1 |     2 |     5 ||     8
 Stab: Sleeping          |    15 |    39 |    18 ||    72
       Confused          |       |     3 |     5 ||     8
       Distracted        |       |     1 |       ||     1
Armor: Robe              |    21 |    23 |     6 ||    50
Dodge: Dodged            |    63 |   109 |    48 ||   220

Table legend: (Time is in decaauts)
 A = Elapsed time spent in this place.
 B = Non-inter-level travel time spent in this place.
 C = Inter-level travel time spent in this place.
 D = Time resting spent in this place.
 E = Time spent auto-exploring this place.
 F = Levels seen in this place.
 G = Mean time per level.
                   A        B        C        D        E       F      G
               +--------+--------+--------+--------+--------+-----+--------+
         Total |   5631 |   5324 |    307 |    938 |   3537 |   7 |  804.4 |
       Dungeon |   5454 |   5192 |    262 |    938 |   3408 |   6 |  909.0 |
        Temple |    177 |    132 |     45 |      0 |    129 |   1 |  177.0 |
               +--------+--------+--------+--------+--------+-----+--------+

Top non-repeatable levels by time:
     D:3: 1376 daAuts
     D:4: 1204 daAuts
     D:5: 1143 daAuts
     D:2: 1043 daAuts
     D:1: 649 daAuts
  Temple: 177 daAuts
     D:6: 37 daAuts
